Map: Waterfall

Players

Pinguino

  • Race: Terran Terran
  • League: Diamond
  • Spawn Location: 7:00

Fohnzii - Winner!

  • Race: Zerg Zerg
  • League: Diamond
  • Spawn Location: 1:00

VOD

Have the link to the VOD?

Description

Ravager/Ling 2 base all in cheese

Time

  • Played on: Dec. 29, 2022, 7:11 p.m.
  • Length: 4:18
Show
View Real Time Build Order
Export as new Build Order

Pinguino Terran 

Build Orders: Reaper Expand 

Get SALT Encoding   

  12  0:00  SCV  
  13  0:12  SCV  
  14  0:17  Supply Depot  
  14  0:24  SCV  
  15  0:39  SCV  
  15  0:40  Barracks  
  16  0:43  Refinery  
  16  0:51  SCV  
  17  1:03  SCV  
  18  1:15  SCV  
  19  1:32  Command Center  
  19  1:40  Orbital Command  
  19  1:43  Reaper  
  20  1:51  Supply Depot  
  20  2:07  SCV  
  21  2:11  Refinery  
  21  2:13  Supply Depot  
  21  2:20  Factory  
  21  2:29  SCV  
  22  2:37  Marine  
  22  2:41  SCV  
  24  3:00  SCV  
  24  3:01  Orbital Command  
  24  3:05  Factory Tech Lab  
  25  3:07  Starport  
  25  3:12  Supply Depot, SCV  
  26  3:18  Marine  
  27  3:28  SCV  
  27  3:29  SCV  
  27  3:30  Siege Tank  
  32  3:48  Starport Tech Lab  
Show
View Real Time Build Order
Export as new Build Order

Fohnzii Zerg - Winner!

Build Orders: Pool First 

Get SALT Encoding   

  12  0:00  Drone  
  13  0:12  Overlord  
  13  0:17  Drone  
  14  0:30  Drone x2  
  14  0:34  Drone  
  14  0:35  Extractor  
  16  0:47  Spawning Pool  
  15  0:51  Drone  
  15  0:55  Drone  
  17  1:32  Hatchery  
  16  1:35  Zergling x2  
  16  1:36  Queen  
  19  1:43  Overlord  
  19  1:56  Roach Warren  
  18  2:02  Drone  
  18  2:05  Drone  
  20  2:13  Metabolic Boost  
  20  2:36  Roach x3  
  26  2:45  Queen  
  26  2:48  Zergling x2  
  29  2:57  Ravager  
  29  2:59  Zergling x4  
  29  3:01  Ravager  
  32  3:06  Zergling x4  
  32  3:12  Zergling x2  
  35  3:17  Overlord  
  35  3:27  Zergling x2  
  36  3:37  Ravager  
  36  3:50  Zergling x12  
  36  3:52  Zergling x2  
  36  3:55  Zergling x2  
Tags
 
Add a new tag
Caveats
  • Supply blocks, unpowered buildings, or Contaminate may cause inaccurate times.
  • Supply counts are checked every 10 seconds.